 Seeded DCSS version 0.30.0-29-ga12c61a403 (webtiles) character file.

Game seed: 701750224110604655 (custom seed)

15845 AlmostDecent the Phalangite (level 12, -2/141 HPs)
             Began as a Merfolk Berserker on June 8, 2023.
             Was a High Priest of Trog.
             Slain by a white ugly thing (31 damage)
             ... on level 11 of the Dungeon.
             The game lasted 00:34:02 (8932 turns).

AlmostDecent the Phalangite (Merfolk Berserker)     Turns: 8932, Time: 00:34:03

Health: -2/141     AC: 22    Str: 24    XL:     12   Next: 31%
Magic:  12/12      EV:  5    Int:  6    God:    Trog [*****.]
Gold:   1543       SH:  0    Dex: 14    Spells: 11/11 levels left

rFire   + + +        p - +9 bardiche of Wu Jian, Growing {freeze, rN+ SInv}
rCold   . . .        (shield currently unavailable)
rNeg    + . .        z - +3 crystal plate armour
rPois   +            Q - +0 hat of Udeiwuwu {rPois Str+2}
rElec   .            A - +0 cloak
rCorr   +            (no gloves)
SInv    +            R - +0 pair of boots
Will    ++...        (no amulet) Stlth
                     F - +4 ring of slaying
HPRegen 1.43/turn    H - ring "Xearrot" {rF+++ rCorr}
MPRegen 0.13/turn

%: no passive effects
@: berserking, strong-willed, regenerating, very quick
A: (nimble swimmer 2), mertail
a: Renounce Religion, Berserk, Trog's Hand, Brothers in Arms


You were on level 11 of the Dungeon.
You worshipped Trog.
Trog was extremely pleased with you.
You visited 1 branch of the dungeon, and saw 11 of its levels.
You also visited: Sewer.

You collected 1565 gold pieces.
You spent 22 gold pieces at shops.

Inventory:

Hand Weapons
 p - the +9 bardiche of Wu Jian, Growing (weapon) {freeze, rN+ SInv}
   (You found it on level 2 of the Dungeon)

   rN:        It protects you from negative energy.
   SInv:      It lets you see invisible.
 u - the +1 war axe of Weak Prudence {flame, rPois Int-3 Dex+2 Stlth+}
   (You found it on level 3 of the Dungeon)

   Int:       It affects your intelligence (-3).
   Dex:       It affects your dexterity (+2).
   rPois:     It protects you from poison.
   Stlth:     It makes you more stealthy.
 w - the +5 short sword "Qiynaa" {flame, Str+4 SInv}
   (You found it on level 4 of the Dungeon)

   Str:       It affects your strength (+4).
   SInv:      It lets you see invisible.
 X - a +5 bardiche of flaming
Missiles
 E - a throwing net (quivered)
 W - 3 silver boomerangs
Armour
 i - a +1 scale mail of cold resistance
 z - a +3 crystal plate armour (worn)
 A - a +0 cloak (worn)
 I - the +18 Lear's hauberk
   (You found it on level 7 of the Dungeon)
 Q - the +0 hat of Udeiwuwu (worn) {rPois Str+2}
   (You found it on level 9 of the Dungeon)

   Str:       It affects your strength (+2).
   rPois:     It protects you from poison.
 R - a +0 pair of boots (worn)
Jewellery
 j - a ring of positive energy
 F - a +4 ring of slaying (left hand)
 H - the ring "Xearrot" (right hand) {rF+++ rCorr}
   (You acquired it on level 10 of the Dungeon)

   [ring of resist corrosion]

   rF:        It renders you almost immune to fire.
   rCorr:     It protects you from acid and corrosion.
Wands
 d - a wand of iceblast (20)
 v - a wand of digging (8)
 y - a wand of flame (22)
 K - a wand of charming (22)
 O - a wand of light (6)
 U - a wand of mindburst (4)
Scrolls
 c - 2 scrolls of immolation {unknown}
 e - 6 scrolls of teleportation
 h - 3 scrolls of brand weapon {unknown}
 k - 3 scrolls of blinking {unknown}
 n - 3 scrolls of fog {unknown}
 o - a scroll of magic mapping {unknown}
 x - 2 scrolls of enchant weapon
 J - a scroll of poison {unknown}
 S - a scroll of torment {unknown}
Potions
 f - a potion of resistance
 g - a potion of brilliance
 l - a potion of heal wounds
 m - 2 potions of haste
 q - 2 potions of cancellation
 r - 6 potions of flight
 s - a potion of ambrosia
 t - a potion of mutation {unknown}
 B - 2 potions of invisibility
 C - 2 potions of curing
 D - 2 potions of berserk rage
 L - 3 potions of attraction
 P - a potion of might
Miscellaneous
 T - a condenser vane


   Skills:
 + Level 8.5 Fighting
 * Level 21.6 Polearms
 + Level 4.7 Armour
 + Level 4.1 Dodging
 + Level 1.5 Stealth


You had 11 spell levels left.
You didn't know any spells.
Your spell library contained the following spells:

 Spells                   Type           Power      Damage    Failure   Level
 Apportation              Tloc           0%         N/A       100%        1
 Magic Dart               Conj           0%         1d3       100%        1
 Call Imp                 Summ           0%         N/A       100%        2
 Mephitic Cloud           Conj/Pois/Air  0%         N/A       100%        3
 Alistair's Intoxication  Tmut/Pois      0%         N/A       100%        5


Dungeon Overview and Level Annotations

Branches:
Dungeon (11/15)            Temple (0/1) D:6            Lair (0/5) D:11
    Orc (0/2) D:11          Sewer (visited)

Altars:
Dithmenos
Elyvilon
Fedhas
Hepliaklqana
Qazlal
Uskayaw
Vehumet
Yredelemnul
The Shining One

Shops:
D:1 =   D:6 **


Innate Abilities, Weirdness & Mutations

((You are very nimble when in or above water. (Stealth+, EV+, Speed+++)))
Your lower body shifts to a powerful aquatic tail in water.


Message History

You slice the yak!! You freeze the yak!
You kill the yak!
Trog accepts your kill.
The yak gores you but does no damage. x2
You carve the yak like a ham!!! You freeze the yak!
You kill the yak!
Trog accepts your kill.
A tengu warrior comes into view.
It is wielding a +2 great sword of holy wrath.
A manticore comes into view.
The yak gores you.
You are too injured to fight recklessly!
You are too injured to fight recklessly!
You completely miss the yak.
The white ugly thing closely misses you.
You cut the yak into ribbons!!! You freeze the yak!
You kill the yak!
Trog accepts your kill.
You hit the catoblepas. You freeze the catoblepas.
The catoblepas is lightly wounded.
The white ugly thing headbutts you but does no damage.
You slice the catoblepas!! You freeze the catoblepas.
The catoblepas is heavily wounded.
A cyclops comes into view.
You hit the catoblepas but do no damage.
The catoblepas is heavily wounded.
The white ugly thing headbutts you. The white ugly thing freezes you!!
You carve the catoblepas like a ham!!! You freeze the catoblepas.
The catoblepas is almost dead.
The catoblepas gores you!
* * * LOW HITPOINT WARNING * * *
The tengu warrior hits you but does no damage.
The tengu warrior pecks you but does no damage.
The tengu warrior claws you but does no damage.
You slice the catoblepas!! You freeze the catoblepas.
You kill the catoblepas!
Trog accepts your kill. The white ugly thing headbutts you.
* * * LOW HITPOINT WARNING * * *
The white ugly thing freezes you!!
You die...

####........### #.......#
###...........######......##
......................)..##
..#####################+.##
..# .............#..# ..#
#..###.###..##.## ..##
.#.#.#.#.#.#(#..# ...#
#.H##.##..).##.## ...#
#.Yu@....###.#..# ....#
#..†Q........##.## ....#
#.#.....#####.#..# .....#
#.#...........##.## .....##
# #....#######.#..###
......# #............+#...#
......## #.....#####...#....
.......# #[.....###....##.##
#...<.## .......#......#..#


You could see a white ugly thing, a tengu warrior, a manticore and a yak.

Vanquished Creatures
  A fire dragon (D:11)
  A catoblepas (D:11)
  2 two-headed ogres
  2 boulder beetles
  A tengu warrior (D:11)
  A deep elf zephyrmancer (D:9)
  2 deep elf pyromancers
  2 cyclopes (D:11)
  An unseen horror (D:11)
  6 trolls
  Grinder (D:4)
  2 vampires
  A shadow (D:11)
  2 wyverns (D:9)
  11 yaks
  A steam dragon (D:10)
  A vampire mosquito (D:11)
  3 wargs (D:11)
  An acid dragon (D:8)
  A water moccasin (D:6)
  2 ice beasts
  4 black bears
  A swamp drake (D:9)
  5 orc warriors
  2 ogres (D:4)
  3 centaurs
  6 kobold brigands
  3 bullfrogs
  3 scorpions
  2 gnoll sergeants
  15 wights
  4 killer bees (D:7)
  5 howler monkeys
  A crimson imp (D:9)
  11 orc priests
  Crazy Yiuf (D:4)
  6 hounds
  A jelly (D:4)
  An iron imp (D:9)
  2 gnoll boudas
  5 iguanas
  2 sleepcaps (D:5)
  13 orc wizards
  A sickly merfolk siren (Sewer)
  A malarious merfolk avatar (Sewer)
  27 gnolls
  9 adders
  A river rat (Sewer)
  3 shadow imps
  2 white imps
  4 worms
  3 dart slugs
  68 orcs
  6 ball pythons
  8 bats
  6 endoplasms
  2 giant cockroaches (Sewer)
  5 goblins
  8 hobgoblins
  19 jackals
  36 kobolds
  5 quokkas
  4 frilled lizards
  25 rats
384 creatures vanquished.

Vanquished Creatures (others)
  3 kobolds (D:10)
3 creatures vanquished.

Grand Total: 387 creatures vanquished

Notes
Turn   | Place    | Note
-------+----------+-------------------------------------------
     0 | D:1      | AlmostDecent the Merfolk Berserker began the quest for the
                  | Orb.
     0 | D:1      | Reached XP level 1. HP: 18/18 MP: 1/1
   108 | D:1      | Reached XP level 2. HP: 21/24 MP: 2/2
   454 | D:1      | Found Dumaxi's Jewellery Emporium.
   682 | D:1      | Reached XP level 3. HP: 30/30 MP: 3/3
   944 | D:2      | Reached ** piety under Trog
  1108 | D:2      | Reached skill level 5 in Polearms
  1143 | D:2      | Identified the +9 bardiche of Wu Jian, Growing {freeze, rN+
                  | SInv}
  1257 | D:2      | Reached XP level 4. HP: 33/37 MP: 4/4
  1631 | D:3      | Found a glowing drain.
  1648 | D:3      | Reached XP level 5. HP: 40/42 MP: 5/5
  1666 | Sewer    | Entered a sewer
  1694 | Sewer    | Reached skill level 6 in Polearms
  1789 | Sewer    | Reached *** piety under Trog
  2068 | D:3      | Identified the +1 war axe of Weak Prudence {flame, rPois
                  | Int-3 Dex+2 Stlth+}
  2340 | D:4      | Reached XP level 6. HP: 50/50 MP: 6/6
  2369 | D:4      | Reached skill level 7 in Polearms
  2466 | D:4      | Reached skill level 8 in Polearms
  2476 | D:4      | Noticed Grinder
  2482 | D:4      | Paralysed by Grinder for 4 turns
  2487 | D:4      | Killed Grinder
  2488 | D:4      | Reached skill level 5 in Fighting
  2488 | D:4      | Reached skill level 9 in Polearms
  2488 | D:4      | Reached XP level 7. HP: 34/56 MP: 7/7
  2568 | D:4      | Identified the +5 short sword "Qiynaa" {flame, Str+4 SInv}
  2680 | D:4      | Reached **** piety under Trog
  2722 | D:4      | Found a hazy altar of Hepliaklqana.
  3109 | D:4      | Found a runed translucent door.
  3110 | D:4      | Noticed Crazy Yiuf
  3114 | D:4      | Killed Crazy Yiuf
  3178 | D:5      | Entered Level 5 of the Dungeon
  3225 | D:5      | Reached skill level 10 in Polearms
  3226 | D:5      | Reached XP level 8. HP: 62/62 MP: 8/8
  3790 | D:5      | Reached skill level 11 in Polearms
  3981 | D:5      | Found a basalt altar of Yredelemnul.
  3996 | D:5      | Reached ***** piety under Trog
  4019 | D:5      | Reached skill level 12 in Polearms
  4056 | D:5      | Found a radiant altar of Vehumet.
  4158 | D:5      | Found a white marble altar of Elyvilon.
  4158 | D:5      | Found a stormy altar of Qazlal.
  4159 | D:5      | Found a glowing golden altar of the Shining One.
  4445 | D:6      | Reached XP level 9. HP: 66/69 MP: 9/9
  4449 | D:6      | Reached skill level 13 in Polearms
  4611 | D:6      | Found Arghoenn's Specific Store.
  4616 | D:6      | Found Zow Oto's General Store.
  4620 | D:6      | Bought a scroll of identify for 22 gold pieces
  4651 | D:6      | Found a staircase to the Ecumenical Temple.
  4766 | D:6      | Reached skill level 14 in Polearms
  5124 | D:7      | Received a gift from Trog
  5298 | D:7      | Identified a scroll of acquirement
  5308 | D:7      | Reached skill level 15 in Polearms
  5341 | D:7      | Noticed a troll
  5352 | D:7      | Killed a troll
  5353 | D:7      | Reached XP level 10. HP: 37/77 MP: 10/10
  5489 | D:7      | Found the +18 Lear's hauberk
  5808 | D:8      | Reached skill level 16 in Polearms
  6244 | D:8      | Found a blossoming altar of Fedhas.
  6319 | D:8      | Reached skill level 1 in Stealth
  6359 | D:8      | Reached skill level 17 in Polearms
  6542 | D:9      | Noticed a boulder beetle
  6555 | D:9      | Killed a boulder beetle
  6558 | D:9      | Acquired 738 gold pieces
  6629 | D:9      | Reached skill level 18 in Polearms
  6749 | D:9      | Reached XP level 11. HP: 84/84 MP: 11/11
  7041 | D:9      | Noticed a deep elf pyromancer
  7048 | D:9      | Killed a deep elf pyromancer
  7054 | D:9      | Identified the +0 hat of Udeiwuwu {rPois Str+2}
  7061 | D:9      | Noticed a deep elf zephyrmancer
  7062 | D:9      | Killed a deep elf zephyrmancer
  7529 | D:9      | Found a hide-covered altar of Uskayaw.
  7535 | D:9      | Reached skill level 19 in Polearms
  7552 | D:10     | Entered Level 10 of the Dungeon
  7553 | D:10     | Acquired the ring "Xearrot" {rF+++ rCorr}
  7670 | D:10     | Found a shadowy altar of Dithmenos.
  8047 | D:10     | Noticed a two-headed ogre
  8052 | D:10     | Killed a two-headed ogre
  8297 | D:11     | Found a staircase to the Lair.
  8334 | D:11     | Found a staircase to the Orcish Mines.
  8608 | D:11     | Reached ****** piety under Trog
  8609 | D:11     | Noticed a boulder beetle
  8617 | D:11     | Received a gift from Trog
  8637 | D:11     | Killed a boulder beetle
  8638 | D:11     | Reached skill level 20 in Polearms
  8783 | D:11     | Noticed a cyclops
  8790 | D:11     | Killed a cyclops
  8830 | D:11     | Noticed a cyclops
  8832 | D:11     | Noticed a deep elf pyromancer
  8836 | D:11     | Killed a cyclops
  8837 | D:11     | Reached XP level 12. HP: 73/93 MP: 12/12
  8840 | D:11     | Reached skill level 21 in Polearms
  8895 | D:11     | Noticed a fire dragon
  8906 | D:11     | Noticed a two-headed ogre
  8908 | D:11     | Killed a fire dragon
  8908 | D:11     | Noticed a tengu warrior
  8912 | D:11     | Killed a two-headed ogre
  8918 | D:11     | Noticed a catoblepas
  8922 | D:11     | Killed a tengu warrior
  8925 | D:11     | Noticed a tengu warrior
  8932 | D:11     | Killed a catoblepas
  8932 | D:11     | Slain by a white ugly thing

Illustrated notes

Levels and vault maps discovered:
D:1:      dpeg_arrival_orchard, layout_loops_ring, serial_shops, shop
D:2:      layout_loops_cross
D:3:      layout_basic, portal_sewer_entry_b, kennysheep_nub,
          serial_bayou_pond_d
D:4:      layout_loops_cross, mainiacjoe_overflow_brackets, uniq_grinder,
          uniq_crazy_yiuf_cottage
D:5:      lemuel_castle_with_subvaults [lemuel_castle_interior_carwin_2],
          layout_gridville, vehumet_crystals, lemuel_doored_altar,
          gammafunk_temple_overflow_forgotten, kennysheep_small_square
D:6:      layout_loops_cross, minmay_temple_entry_gardened_gates,
          chequers_jeans, nicolae_specific_store
D:7:      layout_rooms, minmay_liquid_box, hellmonk_guarded_unrand_lears
D:8:      layout_gridville, fedhas_altar_2, serial_park_tiny_pond, st_stairs_2
D:9:      layout_roguey, nicolae_uskayaw_dance_studio, hangedman_minor_magic
D:10:     layout_long_grid, amcnicky_altar_gilded, grunt_decor_cap
D:11:     minmay_the_grid_triangle_9x9_rhombus_full_mashed
          [minmay_the_grid_triangle_9x9_flanged_cone,
          minmay_the_grid_triangle_9x9_warning,
          minmay_the_grid_triangle_9x9_from_above,
          minmay_the_grid_triangle_9x9_sprig,
          minmay_the_grid_triangle_9x9_zippers_horizontal,
          minmay_the_grid_triangle_9x9_intruding_spiral,
          minmay_the_grid_triangle_9x9_wacky_v,
          minmay_the_grid_triangle_9x9_prize_special], layout_cave_pods,
          erik_lair_orcish_takeover, minmay_orc_entry_temple_small,
          grunt_tough_drop

Skill      XL: |  1  2  3  4  5  6  7  8  9 10 11 12 |
---------------+-------------------------------------+-----
Fighting       | 4 5 6 7 8 |  8.5
Polearms       | 5 6 9 10 12 15 18 20 21 | 21.6
Dodging        | 3 4 |  4.1
Armour         | 2 3 4 |  4.7
Stealth        | 1 |  1.5

Action                     |  1- 3 |  4- 6 |  7- 9 | 10-12 || total
---------------------------+-------+-------+-------+-------++-------
  Melee: Spear             |    93 |       |       |       ||    93
         Bardiche          |     2 |   125 |   270 |   280 ||   677
         Punch             |     1 |       |       |       ||     1
         Tailslap          |       |     1 |       |       ||     1
 Invoke: Berserk           |       |       |     4 |     3 ||     7
         Trog's Hand       |       |       |     3 |     2 ||     5
    Use: Scroll            |       |       |     7 |     8 ||    15
         Potion            |       |       |     3 |     2 ||     5
   Stab: Sleeping          |       |     1 |       |       ||     1
 Armour: Animal skin       |     4 |       |       |       ||     4
         Scale mail        |    17 |    32 |    42 |       ||    91
         Crystal plate arm |       |       |   116 |    41 ||   157
         Chain mail        |       |       |       |    86 ||    86
  Dodge: Dodged            |    31 |    46 |   104 |    91 ||   272
